[Event "Titled Tuesday Blitz May 10 Late 2022"]
[White "Melkumyan, Hrant"]
[Black "Wieczorek, Oskar"]
[WhiteFideId "13302485"]
[BlackFideId "1133950"]
[WhiteElo "2604"]
[BlackElo "2330"]
[Result "1-0"]
[Round "02"]
[TimeControl "180+1"]
[Date "2022.05.10"]
[WhiteClock "0:01:22"]
[BlackClock "0:00:06"]

1. c4 Nf6 2. g3 g6 3. Bg2 Bg7 4. d4 c5 5. Nf3 cxd4 6. Nxd4 Nc6 7. Nc3 O-O 8. O-O Qa5 9. Nb3 Qd8 10. c5 b6 11. Bf4 Bb7 12. Qd2 Rc8 13. Rfd1 Ba8 14. Bh6 bxc5 15. Bxg7 Kxg7 16. Nxc5 d6 17. N5e4 Nxe4 18. Nxe4 Qa5 19. Nc3 Rb8 20. Rac1 Rfc8 21. b3 Ne5 22. Bxa8 Rxa8 23. Qb2 f6 24. Ne4 Qa6 25. Kg2 Rxc1 26. Rxc1 Rc8 27. Rxc8 Qxc8 28. f3 d5 29. Nf2 Qc5 30. Qd2 Nc6 31. Nd3 Qd4 32. e3 Qb6 33. Nf4 Nb4 34. a3 e5 35. Nh3 Na6 36. Qxd5 Nc7 37. Qd7+ Kh6 38. Nf2 Ne6 39. Ng4+ Kg5 40. h4+ 1-0


[Site "https://www.chess.com"]

[Event "Titled Tuesday Blitz May 10 Late 2022"]
[White "Mikhailov, Viacheslav"]
[Black "Remolar Gallen, Jose"]
[WhiteFideId "4187369"]
[BlackFideId "2215187"]
[WhiteElo "2381"]
[BlackElo "2205"]
[Result "0-1"]
[Round "02"]
[TimeControl "180+1"]
[Date "2022.05.11"]
[WhiteClock "0:02:22"]
[BlackClock "0:01:17"]

1. Nf3 Nf6 2. g3 g6 3. Bg2 Bg7 4. O-O O-O 5. c4 d6 6. Nc3 Nc6 7. d3 h6 8. Rb1 e5 9. b4 Be6 10. b5 Ne7 11. Nd2 Rb8 12. a4 Nd7 13. Ba3 e4 14. Ncxe4 f5 15. Nxd6 cxd6 16. Bxd6 Ne5 17. Bxb8 Qxb8 18. Nf3 f4 19. b6 fxg3 20. hxg3 Nxf3+ 21. Bxf3 Bd4 22. bxa7 Qxg3+ 23. Kh1 Qh3+ 24. Kg1 Be5 25. Re1 Bh2+ 26. Kh1 Bg3+ 27. Kg1 Qh2+ 28. Kf1 Qxf2# 0-1


[Site "https://www.chess.com"]

[Event "Titled Tuesday Blitz May 10 Late 2022"]
[White "Milosevic, Milos"]
[Black "Marin Masis, Jose Esteban"]
[WhiteFideId "964875"]
[BlackFideId "6508146"]
[WhiteElo "2194"]
[BlackElo "1710"]
[Result "0-1"]
[Round "02"]
[TimeControl "180+1"]
[Date "2022.05.11"]
[WhiteClock "0:01:26"]
[BlackClock "0:00:13"]

1. e4 c5 2. Nf3 Nc6 3. Bb5 d6 4. Bxc6+ bxc6 5. e5 dxe5 6. Nxe5 Qd5 7. Nf3 Qe4+ 8. Qe2 Qxe2+ 9. Kxe2 Ba6+ 10. d3 c4 11. Ne5 cxd3+ 12. cxd3 f6 13. Nxc6 Bb7 14. Nd4 Bxg2 15. Rg1 Bb7 16. Nc3 e5 17. Ne6 Kf7 18. Nxf8 Rxf8 19. Be3 a6 20. Ne4 Rd8 21. Rac1 Ne7 22. Rc7 Bxe4 23. dxe4 Rc8 24. Rgc1 Rxc7 25. Rxc7 Rc8 26. Rxc8 Nxc8 27. Kd3 Ke6 28. Bc5 Kd7 29. Bf8 g6 30. b3 Ke6 31. Bc5 f5 32. f3 fxe4+ 33. Kxe4 Nd6+ 34. Bxd6 Kxd6 35. h4 h6 36. f4 exf4 37. Kxf4 Ke6 38. a4 a5 39. Ke4 Kd6 40. Kd4 g5 41. hxg5 hxg5 42. Ke4 Kc5 43. Kf5 Kb4 44. Ke4 Kxb3 45. Kf5 Kxa4 46. Kxg5 Kb3 47. Kf4 a4 48. Ke3 a3 0-1


[Site "https://www.chess.com"]

[Event "Titled Tuesday Blitz May 10 Late 2022"]
[White "Miszler, Levente"]
[Black "Pinheiro, Iung Alicio de O."]
[WhiteFideId "763276"]
[BlackFideId "2104350"]
[WhiteElo "1966"]
[BlackElo "2283"]
[Result "0-1"]
[Round "02"]
[TimeControl "180+1"]
[Date "2022.05.11"]
[WhiteClock "0:00:40"]
[BlackClock "0:00:38"]

1. Nf3 c5 2. c4 g6 3. g3 Bg7 4. Bg2 Nc6 5. Nc3 d6 6. O-O Be6 7. d3 Qc8 8. Rb1 Bh3 9. a3 Bxc3 10. bxc3 h5 11. e4 h4 12. Nxh4 Rb8 13. f4 Nf6 14. Qe2 Nh5 15. f5 Bxg2 16. Kxg2 Ne5 17. fxg6 fxg6 18. Bg5 a6 19. Nf3 Qh3+ 20. Kg1 Nxg3 21. hxg3 Nxf3+ 0-1


[Site "https://www.chess.com"]

[Event "Titled Tuesday Blitz May 10 Late 2022"]
[White "Moussard, Jules"]
[Black "Sernecki, Franciszek"]
[WhiteFideId "642908"]
[BlackFideId "1169297"]
[WhiteElo "2589"]
[BlackElo "2189"]
[Result "1-0"]
[Round "02"]
[TimeControl "180+1"]
[Date "2022.05.10"]
[WhiteClock "0:00:43"]
[BlackClock "0:00:03"]

1. f4 d5 2. e3 Nf6 3. Nf3 Bg4 4. d4 e6 5. Bd3 c5 6. O-O Nc6 7. c3 Bd6 8. Nbd2 O-O 9. b3 Rc8 10. Bb2 Bh5 11. g3 a6 12. Qe2 b5 13. Rac1 c4 14. Bb1 Bg6 15. Bxg6 hxg6 16. Ng5 Qa5 17. Ra1 Qb6 18. Rfc1 Rc7 19. Kg2 Rfc8 20. e4 dxe4 21. Ngxe4 Nxe4 22. Nxe4 Be7 23. Rab1 Na5 24. b4 Nb7 25. Re1 Qc6 26. Qf3 Nd6 27. Nc5 Qxf3+ 28. Kxf3 a5 29. Ba3 Ra8 30. Re2 Nb7 31. Ne4 Kf8 32. h4 Nd8 33. Nc5 Bxc5 34. bxc5 b4 35. cxb4 axb4 36. Bxb4 Nc6 37. Ke3 Ra4 38. a3 Ne7 39. Rc2 Nd5+ 40. Kd2 c3+ 41. Rxc3 Nxc3 42. Kxc3 Ra6 43. Kc4 Rcc6 44. Re1 Ke7 45. d5 Rc8 46. Kb5 Kf6 47. Kxa6 1-0


[Site "https://www.chess.com"]

[Event "Titled Tuesday Blitz May 10 Late 2022"]
[White "Muradov, Soltan"]
[Black "Jegorovas, Aleksandras"]
[WhiteFideId "14002108"]
[BlackFideId "12801950"]
[WhiteElo "1854"]
[BlackElo "2247"]
[Result "0-1"]
[Round "02"]
[TimeControl "180+1"]
[Date "2022.05.11"]
[WhiteClock "0:00:02"]
[BlackClock "0:00:15"]

1. e4 e6 2. d3 d5 3. Nd2 Nf6 4. g3 Nc6 5. Bg2 dxe4 6. Nxe4 Nxe4 7. Bxe4 Bc5 8. Be3 Bxe3 9. fxe3 Qe7 10. Ne2 Qb4+ 11. Qd2 Qxb2 12. O-O Qa3 13. Rf2 e5 14. Kg2 Ne7 15. Rb1 f5 16. Bf3 c6 17. Kg1 O-O 18. Nc3 Qd6 19. Bg2 b6 20. Rbf1 Be6 21. e4 fxe4 22. Nxe4 Qd4 23. Ng5 Rxf2 24. Rxf2 Bd5 25. c3 Qg4 26. Bh3 Qh5 27. c4 h6 28. cxd5 hxg5 29. d6 Qxh3 30. dxe7 Qe6 31. Qxg5 Re8 32. Re2 Rxe7 33. Kg2 Qd5+ 34. Kg1 Qd4+ 35. Re3 Qd6 36. Kg2 a5 37. Re4 Qxd3 0-1


[Site "https://www.chess.com"]

[Event "Titled Tuesday Blitz May 10 Late 2022"]
[White "Naguleswaran, Annorjan"]
[Black "Lazov, Toni"]
[WhiteFideId "2093197"]
[BlackFideId "15000770"]
[WhiteElo "1855"]
[BlackElo "2321"]
[Result "0-1"]
[Round "02"]
[TimeControl "180+1"]
[Date "2022.05.11"]
[WhiteClock "0:00:10"]
[BlackClock "0:00:41"]

1. e4 d6 2. d4 Nf6 3. Nc3 Nbd7 4. f4 e5 5. Nf3 exd4 6. Nxd4 Nc5 7. Qf3 Bg4 8. Qe3 Be7 9. h3 Bd7 10. b4 Na6 11. a3 O-O 12. Bb2 Re8 13. O-O-O Bf8 14. Bd3 c5 15. bxc5 Nxc5 16. g4 Rc8 17. Qf3 Na4 18. Nxa4 Bxa4 19. e5 dxe5 20. fxe5 Rxe5 21. Nf5 Qc7 22. g5 Bxc2 23. Bxe5 Bxa3+ 24. Kd2 Qa5+ 25. Ke2 Qxe5+ 26. Ne3 Bxd1+ 27. Rxd1 Qxg5 28. Ng4 Nxg4 29. Qxg4 Qxg4+ 30. hxg4 g6 0-1


[Site "https://www.chess.com"]

[Event "Titled Tuesday Blitz May 10 Late 2022"]
[White "Novikova, Galina"]
[Black "Rustemov, Alexander"]
[WhiteFideId "4157095"]
[BlackFideId "4119002"]
[WhiteElo "1863"]
[BlackElo "2733"]
[Result "0-1"]
[Round "02"]
[TimeControl "180+1"]
[Date "2022.05.11"]
[WhiteClock "0:00:01"]
[BlackClock "0:01:26"]

1. e4 e6 2. Nf3 d5 3. e5 c5 4. b4 cxb4 5. a3 Qa5 6. Bb2 Nc6 7. axb4 Qxb4 8. Bc3 Qe4+ 9. Be2 d4 10. d3 Qd5 11. Bb2 Bc5 12. O-O Nge7 13. Na3 O-O 14. Nc4 Ng6 15. Nd6 Ngxe5 16. Nxc8 Rfxc8 17. Re1 Bb4 18. Nd2 Bc3 19. Bxc3 dxc3 20. Ne4 Nd4 21. Bf1 b5 22. h4 b4 23. h5 h6 24. f4 Nd7 25. g4 b3 26. Bg2 bxc2 27. Qc1 Nb3 28. Qe3 Qd4 29. Qxd4 Nxd4 30. Rac1 Rab8 31. g5 Rb2 32. gxh6 gxh6 33. Nd6 Rcb8 34. Nc4 Ra2 35. Ne3 Rbb2 36. Be4 Nc5 37. Kf2 Ncb3 0-1


[Site "https://www.chess.com"]

[Event "Titled Tuesday Blitz May 10 Late 2022"]
[White "Pap, Gyula"]
[Black "Malka, Samuel"]
[WhiteFideId "725323"]
[BlackFideId "20643675"]
[WhiteElo "2553"]
[BlackElo "2561"]
[Result "1-0"]
[Round "02"]
[TimeControl "180+1"]
[Date "2022.05.10"]
[WhiteClock "0:01:16"]
[BlackClock "0:00:04"]

1. Nc3 e5 2. Nf3 Nc6 3. d4 exd4 4. Nxd4 Nf6 5. Nxc6 bxc6 6. g3 d5 7. Bg2 Be7 8. O-O O-O 9. e4 Be6 10. h3 Rb8 11. Kh2 Nxe4 12. Nxe4 dxe4 13. Bxe4 Bd5 14. Qd3 Bxe4 15. Qxe4 Bf6 16. Rb1 Qd5 17. Qxd5 cxd5 18. b3 Rfe8 19. Be3 d4 20. Bf4 Re2 21. Rbc1 g5 22. Bxc7 Rc8 23. Ba5 Rcxc2 24. Rxc2 Rxc2 25. a4 Rb2 26. b4 Ra2 27. Kg2 Rxa4 28. Kf3 Ra3+ 29. Ke4 Rb3 30. Rc1 Kg7 31. Rc7 Rb2 32. f4 Re2+ 33. Kf5 gxf4 34. gxf4 d3 35. Rd7 d2 36. b5 d1=Q 37. Rxd1 Rb2 38. Rg1+ Kf8 39. Kxf6 Rxb5 40. Bc7 Ke8 41. Rd1 1-0


[Site "https://www.chess.com"]

[Event "Titled Tuesday Blitz May 10 Late 2022"]
[White "Paravyan, David"]
[Black "Koellner, Ruben Gideon"]
[WhiteFideId "4194985"]
[BlackFideId "12993093"]
[WhiteElo "2569"]
[BlackElo "2618"]
[Result "1-0"]
[Round "02"]
[TimeControl "180+1"]
[Date "2022.05.10"]
[WhiteClock "0:00:11"]
[BlackClock "0:00:02"]

1. e4 d6 2. d4 Nf6 3. Nc3 e5 4. Nf3 Nbd7 5. Bc4 Be7 6. O-O c6 7. a4 Qc7 8. Re1 h6 9. a5 Nf8 10. Nh4 g6 11. Nf3 g5 12. Be3 Ng6 13. d5 Ng4 14. Bd2 Kf8 15. Be2 Nf6 16. Be3 Ng4 17. Bc1 Nf6 18. a6 bxa6 19. Bxa6 Kg7 20. Bxc8 Rhxc8 21. dxc6 Qxc6 22. Nd2 d5 23. exd5 Nxd5 24. Nde4 Nxc3 25. bxc3 Rd8 26. Qg4 a5 27. Ng3 Qxc3 28. Be3 Qxc2 29. Nf5+ Kh7 30. Rac1 Qd3 31. h4 Nxh4 32. Nxe7 Ng6 33. Nf5 e4 34. Qh5 Kg8 35. Qxh6 1-0


[Site "https://www.chess.com"]

[Event "Titled Tuesday Blitz May 10 Late 2022"]
[White "Plotnikov, Pavel"]
[Black "Pranav, V"]
[WhiteFideId "4170342"]
[BlackFideId "25060783"]
[WhiteElo "2298"]
[BlackElo "2349"]
[Result "1-0"]
[Round "02"]
[TimeControl "180+1"]
[Date "2022.05.11"]
[WhiteClock "0:00:24"]
[BlackClock "0:01:18"]

1. e4 e5 2. Nf3 Nf6 3. Nc3 Nc6 4. Be2 g6 5. d4 exd4 6. Nxd4 Bg7 7. Be3 O-O 8. O-O d6 9. Nxc6 bxc6 10. f3 Re8 11. Qd2 a5 12. Rad1 Be6 13. Bh6 Qb8 14. Bxg7 Kxg7 15. b3 Qb4 16. a4 Rad8 17. Bd3 d5 18. Qe1 Nd7 19. Ne2 Qb6+ 20. Qf2 Nc5 21. Nd4 Kg8 22. e5 Bc8 23. f4 Nxd3 24. Rxd3 Ba6 25. f5 Bxd3 26. cxd3 Rf8 27. f6 c5 28. Qf4 Kh8 29. Qh6 Rg8 30. Rf3 Qb4 31. Qxh7+ Kxh7 32. Rh3# 1-0


[Site "https://www.chess.com"]

[Event "Titled Tuesday Blitz May 10 Late 2022"]
[White "Postny, Evgeny"]
[Black "Dounis, Alexandros"]
[WhiteFideId "2804344"]
[BlackFideId "4213238"]
[WhiteElo "2500"]
[BlackElo "2204"]
[Result "0-1"]
[Round "02"]
[TimeControl "180+1"]
[Date "2022.05.10"]
[WhiteClock "0:00:02"]
[BlackClock "0:00:13"]

1. e4 e5 2. Nf3 Nc6 3. Bb5 a6 4. Ba4 g6 5. d3 Bg7 6. Nc3 Nf6 7. h3 O-O 8. Bg5 h6 9. Be3 d6 10. Qd2 Kh7 11. O-O-O b5 12. Bb3 Na5 13. g4 Nd7 14. h4 Nxb3+ 15. axb3 Nc5 16. Rdg1 a5 17. h5 g5 18. Nxg5+ hxg5 19. h6 Bf6 20. Rh5 Ne6 21. Nxb5 a4 22. b4 c6 23. Nc3 a3 24. b3 d5 25. Na2 d4 26. Rf1 dxe3 27. fxe3 Be7 28. Qc3 f6 29. Qxc6 Ra6 30. Qc4 Qc7 31. b5 Rb6 32. Rhh1 Bd7 33. Qxc7 Nxc7 34. c4 Bc5 35. Kd2 Nxb5 36. cxb5 Rxb5 37. Rc1 Be6 38. Rc3 Bxb3 39. Rb1 Rfb8 40. d4 exd4 41. exd4 Bxd4 42. Rc7+ Kxh6 43. Rh1+ Kg6 44. Rhh7 Rg8 45. Nc1 a2 46. Nxb3 Rxb3 0-1


[Site "https://www.chess.com"]

[Event "Titled Tuesday Blitz May 10 Late 2022"]
[White "Prieto Aranguren, Alain"]
[Black "Prohorov, Olexandr"]
[WhiteFideId "2268906"]
[BlackFideId "14105578"]
[WhiteElo "2235"]
[BlackElo "1993"]
[Result "0-1"]
[Round "02"]
[TimeControl "180+1"]
[Date "2022.05.11"]
[WhiteClock "0:01:22"]
[BlackClock "0:00:43"]

1. e3 c5 2. d4 e6 3. Nf3 Nf6 4. Bd3 b6 5. O-O Bb7 6. c3 Be7 7. Qe2 O-O 8. e4 cxd4 9. cxd4 d6 10. Nc3 Nc6 11. Bf4 Nb4 12. Bb1 Ba6 13. Qe1 Bxf1 14. Qxf1 Rc8 15. Qb5 d5 16. e5 Nd7 17. a3 Nc6 18. Qd3 g6 19. Bc2 Na5 20. Re1 Nc4 21. Bc1 Qc7 22. Nb5 Nxb2 23. Nxc7 Nxd3 24. Bxd3 Rxc7 25. h4 h5 26. Ng5 Rfc8 27. Bd2 Bxa3 28. f3 Bc1 29. Bb4 Bb2 30. Bd6 Bxd4+ 31. Kh2 Rc1 32. Re2 Nc5 33. Bb5 a6 34. Bxc5 R8xc5 35. Bxa6 R5c2 36. Kg3 Rxe2 37. Bxe2 Bxe5+ 38. f4 Bd6 39. Kf3 Rc3+ 40. Kf2 Bxf4 41. Nf3 Be3+ 42. Kg3 f6 43. Bb5 Rb3 44. Bd7 Kf7 45. Bc6 b5 46. Kh2 b4 47. Ne1 Rb1 48. Nc2 Bf4+ 49. g3 Rb2 50. Kh3 Rxc2 51. Bb5 0-1


[Site "https://www.chess.com"]

[Event "Titled Tuesday Blitz May 10 Late 2022"]
[White "Przybylski, Wojciech"]
[Black "Bjelobrk, Igor"]
[WhiteFideId "1117599"]
[BlackFideId "4300726"]
[WhiteElo "2133"]
[BlackElo "2335"]
[Result "0-1"]
[Round "02"]
[TimeControl "180+1"]
[Date "2022.05.11"]
[WhiteClock "0:00:01"]
[BlackClock "0:00:35"]

1. d4 d5 2. Nf3 Nf6 3. c4 e6 4. Nc3 c5 5. cxd5 cxd4 6. Nxd4 Nxd5 7. Nxd5 Qxd5 8. e3 Bb4+ 9. Bd2 Bxd2+ 10. Qxd2 O-O 11. Nb3 Qe5 12. Bd3 Nc6 13. O-O Rd8 14. Rac1 Bd7 15. Qc3 Be8 16. Bb1 Qc7 17. Nc5 Rac8 18. Qc2 g6 19. Qb3 b6 20. Ne4 Qe7 21. Rc3 Na5 22. Qc2 Bc6 23. Ng3 Bb7 24. a3 Rxc3 25. Qxc3 Rc8 26. Qe5 Nc4 27. Qc3 Qd6 28. Ne4 Bxe4 29. Bxe4 Rc5 30. Qd4 Qxd4 31. exd4 Rc8 32. Rc1 Nd6 33. Rxc8+ Nxc8 34. d5 e5 35. Bd3 Nd6 36. g3 f5 37. f3 Kf7 38. Kf2 Kf6 39. f4 g5 40. Ke3 gxf4+ 41. gxf4 e4 42. Be2 Ke7 43. Kd4 Nf7 44. b4 Kd6 45. a4 a5 46. bxa5 bxa5 47. Kc4 Nd8 48. Bd1 Nb7 49. Kd4 Nc5 50. Bc2 h6 51. Bd1 Nd3 52. Ke3 Kxd5 53. Bb3+ Kd6 54. Bc2 Nc5 55. Kd4 Ne6+ 56. Ke3 Nc7 0-1


[Site "https://www.chess.com"]

[Event "Titled Tuesday Blitz May 10 Late 2022"]
[White "Purtseladze, Maka"]
[Black "Stoleriu, George"]
[WhiteFideId "13602659"]
[BlackFideId "1227505"]
[WhiteElo "2224"]
[BlackElo "2194"]
[Result "0-1"]
[Round "02"]
[TimeControl "180+1"]
[Date "2022.05.11"]
[WhiteClock "0:00:07"]
[BlackClock "0:00:17"]

1. d4 e6 2. c4 Nf6 3. Nc3 Bb4 4. Qc2 O-O 5. a3 Bxc3+ 6. Qxc3 b5 7. cxb5 c6 8. e3 cxb5 9. Bxb5 Bb7 10. Nf3 Ne4 11. Qb4 Nc6 12. Qa4 Ng5 13. Nd2 Rc8 14. h4 a6 15. Bd3 h6 16. hxg5 Qxg5 17. Be4 f5 18. Bf3 f4 19. Ne4 Qg6 20. Nd6 fxe3 21. Bxe3 Rb8 22. Nxb7 Rxb7 23. b4 Rc7 24. Qxa6 Ne7 25. Qd6 Rc2 26. Rd1 Nf5 27. Qe5 Ra2 28. Qe4 Qf6 29. O-O Nh4 30. Bg4 Kh8 31. Qe5 Qf7 32. Bh3 Kh7 33. Qe4+ Ng6 34. Qd3 Kh8 35. Qc4 Rxa3 36. b5 Nh4 37. Qb4 Ra2 38. Qb3 Raa8 39. b6 Rab8 40. b7 d5 41. Rb1 Qg6 42. g3 Nf3+ 43. Kg2 Qh5 44. Rh1 Qf7 45. Bg4 Kg8 46. Bxf3 Qxf3+ 47. Kg1 h5 48. Rh4 Qf5 49. Rf4 Qg6 50. Rxf8+ Kxf8 51. Qb4+ Kg8 52. Qd6 Qxb1+ 53. Kg2 Qxb7 54. Qxe6+ Qf7 55. Qd6 Re8 56. Bf4 Qe6 57. Qc5 Qe4+ 58. Kh3 Rf8 59. Qd6 Qh1# 0-1


[Site "https://www.chess.com"]

[Event "Titled Tuesday Blitz May 10 Late 2022"]
[White "Qashashvili, Alexandre"]
[Black "Maksimovic, Bojan"]
[WhiteFideId "13600842"]
[BlackFideId "14408120"]
[WhiteElo "2316"]
[BlackElo "2448"]
[Result "0-1"]
[Round "02"]
[TimeControl "180+1"]
[Date "2022.05.11"]
[WhiteClock "0:00:02"]
[BlackClock "0:00:11"]

1. e4 c5 2. Nc3 Nc6 3. Nf3 g6 4. d3 Bg7 5. Be3 d6 6. Qd2 e5 7. Be2 h6 8. h3 Nge7 9. O-O f5 10. exf5 gxf5 11. Nh4 f4 12. Bh5+ Kd7 13. Bxf4 exf4 14. Qxf4 Be5 15. Qf7 Rf8 16. Qh7 Kc7 17. Ng6 Bd7 18. Nxf8 Qxf8 19. Nb5+ Kb6 20. f4 Bd4+ 21. Nxd4 Nxd4 22. Rae1 Ndc6 23. Bg4 Bxg4 24. hxg4 Qf6 25. Qe4 Rg8 26. f5 Ne5 27. Rf4 Kc7 28. c3 N7c6 29. d4 Nd7 30. dxc5 Nxc5 31. Qd5 Rg7 32. b4 Nd7 33. b5 Nce5 34. c4 Rxg4 35. Rxg4 Nxg4 36. Re6 Qa1+ 37. Re1 Qxe1# 0-1


[Site "https://www.chess.com"]

[Event "Titled Tuesday Blitz May 10 Late 2022"]
[White "Radovanovic, Mihajlo"]
[Black "Blackman, Justin"]
[WhiteFideId "940313"]
[BlackFideId "11100516"]
[WhiteElo "2394"]
[BlackElo "2112"]
[Result "1-0"]
[Round "02"]
[TimeControl "180+1"]
[Date "2022.05.11"]
[WhiteClock "0:01:39"]
[BlackClock "0:00:52"]

1. e4 e5 2. Nf3 Nc6 3. Bb5 Nge7 4. O-O d6 5. d4 exd4 6. Nxd4 Bd7 7. Nc3 Ng6 8. Bxc6 bxc6 9. Nf5 Qf6 10. Ng3 h5 11. Re1 h4 12. Nf5 Ne7 13. Ne3 g6 14. h3 Bg7 15. Ng4 Qe6 16. Bg5 f6 17. Bf4 Rb8 18. Qd3 Kf7 19. b3 Rh5 20. Rad1 Bc8 21. Ne2 c5 22. Nc3 Nc6 23. Nd5 Ra8 24. Nxc7 1-0


[Site "https://www.chess.com"]

[Event "Titled Tuesday Blitz May 10 Late 2022"]
[White "Ramirez Vido, Robert Yorisan"]
[Black "Song, Guannan Terry"]
[WhiteFideId "3513823"]
[BlackFideId "2614189"]
[WhiteElo "2345"]
[BlackElo "2115"]
[Result "1/2-1/2"]
[Round "02"]
[TimeControl "180+1"]
[Date "2022.05.11"]
[WhiteClock "0:00:07"]
[BlackClock "0:00:09"]

1. Nf3 c5 2. g3 b6 3. Bg2 Bb7 4. O-O e6 5. d3 Nf6 6. Nbd2 Be7 7. e4 O-O 8. Re1 d6 9. a4 a6 10. Nc4 Nc6 11. Bd2 Qc7 12. e5 dxe5 13. Nfxe5 Nxe5 14. Nxe5 Bxg2 15. Kxg2 Nd7 16. Bf4 Bf6 17. Nxd7 Qxd7 18. Be5 Qd5+ 19. Qf3 Qxf3+ 20. Kxf3 Be7 21. c4 Rfd8 22. Ke4 Rd7 23. a5 b5 24. cxb5 axb5 25. Ra2 f6 26. Bc3 b4 27. Bd2 Rda7 28. Rea1 Ra6 29. g4 Bd8 30. Be3 Be7 31. b3 Kf7 32. f4 g6 33. f5 Bf8 34. fxe6+ Rxe6+ 35. Kf3 Rd6 36. Ke2 Re8 37. Kd2 Red8 38. a6 Rxd3+ 39. Ke2 Rxb3 40. a7 Ra8 41. Rd1 c4 42. Rd7+ Ke6 43. Rb7 c3 44. Rb8 Rxa7 45. Rxa7 Bd6 46. Re8+ Kd5 47. Rd8 c2 48. Rc7 Rb2 49. Bc1 Ra2 50. Rcd7 Ra6 51. Rxd6+ Rxd6 52. Rxd6+ Kxd6 53. Kd3 b3 54. Kc3 Ke5 55. Kxb3 Ke4 56. Kxc2 Kf3 57. g5 fxg5 58. Bxg5 Kg2 59. h4 Kf3 60. Kd3 Kg4 61. Ke4 Kh5 62. Be7 h6 63. Kf4 g5+ 64. hxg5 hxg5+ 65. Bxg5 1/2-1/2


[Site "https://www.chess.com"]

[Event "Titled Tuesday Blitz May 10 Late 2022"]
[White "RestartingChess"]
[Black "Winkels, Marcel"]
[BlackFideId "1003887"]
[WhiteElo "2473"]
[BlackElo "1900"]
[Result "1-0"]
[Round "02"]
[TimeControl "180+1"]
[Date "2022.05.11"]
[WhiteClock "0:01:15"]
[BlackClock "0:00:16"]

1. e4 c5 2. Nf3 d6 3. Bb5+ Nd7 4. c4 Nf6 5. Nc3 e6 6. d3 Be7 7. Bf4 O-O 8. O-O a6 9. Ba4 b6 10. Bc2 Bb7 11. a4 Qc7 12. b3 Ne5 13. Bxe5 dxe5 14. Qe2 Rad8 15. h3 Nd7 16. Rfe1 Bd6 17. Ra2 f5 18. a5 bxa5 19. Rea1 Nf6 20. Rxa5 Kh8 21. Ng5 Qe7 22. R5a2 h6 23. Nf3 g5 24. exf5 exf5 25. Re1 Rde8 26. Raa1 g4 27. Nh4 Qh7 28. d4 e4 29. d5 Bc8 30. hxg4 Be5 31. gxf5 Bxc3 32. Ng6+ Kg7 33. Nxf8 Rxf8 34. Qe3 Bxa1 35. Rxa1 Qxf5 36. Qxc5 Ng4 37. Rf1 Qh5 38. Qc7+ Kh8 39. Bxe4 Rd8 40. Qh7# 1-0


[Site "https://www.chess.com"]

[Event "Titled Tuesday Blitz May 10 Late 2022"]
[White "Riehle, Marco"]
[Black "Zhou, Qiyu"]
[WhiteFideId "12904392"]
[BlackFideId "505161"]
[WhiteElo "2462"]
[BlackElo "1925"]
[Result "1-0"]
[Round "02"]
[TimeControl "180+1"]
[Date "2022.05.11"]
[WhiteClock "0:01:48"]
[BlackClock "0:00:15"]

1. e4 e5 2. Nf3 Nc6 3. Bc4 Bc5 4. c3 Nf6 5. d4 exd4 6. cxd4 Bb4+ 7. Kf1 Nxe4 8. d5 Ne7 9. Qd4 Nf6 10. Bg5 c5 11. Qe3 O-O 12. Bxf6 gxf6 13. a3 Ba5 14. Nc3 Bxc3 15. Qxc3 Ng6 16. h4 d6 17. h5 Ne5 18. Re1 Bf5 19. h6 Kh8 20. Nh4 Qd7 21. f4 Ng4 22. Be2 Rae8 23. Bxg4 Rxe1+ 24. Kf2 Re2+ 25. Bxe2 Qd8 1-0


[Site "https://www.chess.com"]

[Event "Titled Tuesday Blitz May 10 Late 2022"]
[White "Romero Ruscalleda, Josep"]
[Black "Bilych, Olexiy"]
[WhiteFideId "2231859"]
[BlackFideId "14156504"]
[WhiteElo "2307"]
[BlackElo "2176"]
[Result "0-1"]
[Round "02"]
[TimeControl "180+1"]
[Date "2022.05.11"]
[WhiteClock "0:00:09"]
[BlackClock "0:01:01"]

1. e4 e5 2. Nf3 Nc6 3. Bc4 Bc5 4. c3 Nf6 5. b4 Bb6 6. d3 O-O 7. O-O d6 8. Bb3 h6 9. Nbd2 Be6 10. Nc4 Ne7 11. Nxb6 Bxb3 12. axb3 axb6 13. Be3 Rxa1 14. Qxa1 Qa8 15. Qb2 Qa6 16. c4 Ra8 17. h3 Qa3 18. Qxa3 Rxa3 19. Rb1 Nd7 20. Nd2 Nc6 21. b5 Nb4 22. Kf1 Nxd3 23. Ke2 N3c5 24. f4 exf4 25. Bxf4 Ne6 26. Be3 Ne5 27. g4 Kh7 28. Rf1 Ra2 29. Rf5 g6 30. Rf6 Kg7 31. Rf1 Ng5 32. Bxg5 hxg5 33. Ke3 Rc2 34. Rh1 Rc3+ 35. Ke2 Nd3 36. Ra1 Nf4+ 37. Kd1 Rxh3 38. Ra7 Rg3 39. Rxb7 Ne6 40. b4 Rxg4 41. c5 dxc5 42. bxc5 bxc5 43. Rxc7 Nxc7 44. b6 Na6 0-1


[Site "https://www.chess.com"]

[Event "Titled Tuesday Blitz May 10 Late 2022"]
[White "Rorrer, Grayson"]
[Black "Mortazavi, Ali"]
[WhiteFideId "30944996"]
[BlackFideId "401323"]
[WhiteElo "2765"]
[BlackElo "2445"]
[Result "0-1"]
[Round "02"]
[TimeControl "180+1"]
[Date "2022.05.11"]
[WhiteClock "0:00:03"]
[BlackClock "0:00:11"]

1. e4 c6 2. d4 d5 3. exd5 cxd5 4. Bd3 Nc6 5. c3 Qc7 6. h3 g6 7. Nf3 Bf5 8. O-O Nf6 9. Re1 e6 10. Bg5 Bg7 11. Na3 Bxd3 12. Qxd3 O-O 13. Qe3 Rfe8 14. Nb5 Qd7 15. Qf4 Ne4 16. Bh4 e5 17. dxe5 Nxe5 18. Nbd4 Nd3 19. Qe3 Nxe1 20. Rxe1 h6 21. Qc1 Rac8 22. Qd1 Nc5 23. Nc2 Rxe1+ 24. Nfxe1 Re8 25. Ne3 d4 26. cxd4 Qxd4 27. Qc2 Ne4 28. Nf3 Qc5 29. Qa4 b5 30. Qd1 g5 31. Qd7 Re7 32. Qd8+ Kh7 33. Nd5 Re6 34. Qd7 Rd6 35. Qf5+ Kg8 36. Ne7+ Kf8 37. Qxe4 Rd1+ 38. Kh2 Qxe7 39. Qc2 Rd8 40. Bg3 Kg8 41. Qb3 a6 42. a4 bxa4 43. Qxa4 Qe6 44. b3 Bf6 45. Qb4 Kg7 46. Qb7 Rd7 47. Qb4 h5 48. h4 gxh4 49. Nxh4 Rd4 50. Qb8 Rxh4+ 51. Bxh4 Be5+ 0-1


[Site "https://www.chess.com"]

[Event "Titled Tuesday Blitz May 10 Late 2022"]
[White "Sadhwani, Raunak"]
[Black "Srinath, Rao S.V."]
[WhiteFideId "35093487"]
[BlackFideId "5028876"]
[WhiteElo "2616"]
[BlackElo "2181"]
[Result "1-0"]
[Round "02"]
[TimeControl "180+1"]
[Date "2022.05.11"]
[WhiteClock "0:01:37"]
[BlackClock "0:01:11"]

1. d4 Nf6 2. Nf3 g6 3. Nc3 Bg7 4. e4 d5 5. e5 Ne4 6. Nxe4 dxe4 7. Ng5 c5 8. Bc4 O-O 9. d5 Bxe5 10. Nxe4 Nd7 11. Bh6 Bg7 12. Bxg7 Kxg7 13. Qd2 Qb6 14. Qc3+ Nf6 15. O-O-O Bf5 16. f3 h5 17. d6 Bxe4 18. fxe4 Qb4 19. Qxb4 cxb4 20. e5 Ng4 21. Rhe1 e6 22. h3 Nh6 23. Bd3 Rfd8 24. Re4 a5 25. g4 hxg4 26. hxg4 Rac8 27. Rf1 Rc5 28. Kd2 b6 29. a3 bxa3 30. bxa3 f5 31. exf6+ Kf7 32. Rh1 Ng8 33. Rf4 Nxf6 34. Rhf1 1-0


[Site "https://www.chess.com"]

[Event "Titled Tuesday Blitz May 10 Late 2022"]
[White "Sailer, Mike"]
[Black "Toncheva, Nadya"]
[WhiteFideId "2012901"]
[BlackFideId "2924056"]
[WhiteElo "2109"]
[BlackElo "1888"]
[Result "0-1"]
[Round "02"]
[TimeControl "180+1"]
[Date "2022.05.11"]
[WhiteClock "0:00:03"]
[BlackClock "0:00:07"]

1. d4 Nf6 2. Nf3 e6 3. Bg5 c5 4. e3 d5 5. Nc3 a6 6. Be2 Nbd7 7. O-O Qc7 8. a3 h6 9. Bf4 Bd6 10. Bxd6 Qxd6 11. dxc5 Nxc5 12. b4 Nce4 13. Nxe4 Nxe4 14. Bd3 Nf6 15. c4 O-O 16. c5 Qc7 17. Rc1 e5 18. Bb1 Bg4 19. h3 Bh5 20. Qc2 Bxf3 21. gxf3 Qd7 22. Kh2 d4 23. Rg1 Rad8 24. Rcd1 g6 25. Ba2 Kh8 26. Rd2 Qc7 27. Kh1 dxe3 28. fxe3 Rxd2 29. Qxd2 Rd8 30. Qc3 Qd7 31. Kh2 Qd2+ 32. Qxd2 Rxd2+ 33. Rg2 Rd3 34. Bxf7 g5 35. f4 gxf4 36. exf4 exf4 37. Rg6 Ne4 38. Rb6 Rd2+ 39. Kg1 f3 40. Bc4 Rg2+ 41. Kf1 Nd2+ 42. Ke1 Nxc4 43. Rxb7 Re2+ 44. Kf1 Ne3+ 45. Kg1 f2+ 46. Kh2 f1=Q+ 0-1


[Site "https://www.chess.com"]